 Dungeon Crawl Stone Soup version 0.28-a0-563-gf77a47075d (webtiles) character file.

Game seed: 15298413834491607835

5 Gargoyl the Skirmisher (level 1, -4/23 HPs)
             Began as a Gnoll Abyssal Knight on Sept 30, 2021.
             Was a Follower of Lugonu.
             Slain by a spatial maelstrom (11 damage)
             ... on level 1 of the Abyss.
             The game lasted 00:00:27 (119 turns).

Gargoyl the Skirmisher (Gnoll Abyssal Knight)        Turns: 119, Time: 00:00:28

Health: -4/23      AC:  3    Str: 12    XL:     1   Next: 80%
Magic:  3/3        EV: 12    Int:  9    God:    Lugonu [*.....]
Gold:   30         SH:  0    Dex: 12    Spells: 0/0 levels left

rFire   . . .      SeeInvis .   a - +1 hand axe
rCold   . . .      Faith    .   (no shield)
rNeg    . . .      Spirit   .   b - +0 leather armour
rPois   .          Reflect  .   (no helmet)
rElec   .          Harm     .   (no cloak)
rCorr   .          Rampage  .   (no gloves)
Will    .....                   (no boots)
Stlth   +.........              (no amulet)
HPRegen 0.07/turn               (no ring)
MPRegen 0.08/turn               (no ring)

@: no status effects
A: fangs 1, strong nose, distributed training
a: Renounce Religion, Depart the Abyss


You were on level 1 of the Abyss.
You worshipped Lugonu.
Lugonu was aware of your devotion.
You visited 0 branches of the dungeon, and saw 0 of its levels.
You visited the Abyss 1 time.

You collected 30 gold pieces.

Inventory:

Hand Weapons
 a - a +1 hand axe (weapon)
Armour
 b - a +0 leather armour (worn)


   Skills:
 + Level 6.4 Fighting
 + Level 0.1 Short Blades
 + Level 0.1 Long Blades
 + Level 4.4 Axes
 + Level 0.1 Maces & Flails
 + Level 0.1 Polearms
 + Level 0.1 Staves
 + Level 0.1 Slings
 + Level 0.1 Bows
 + Level 0.1 Crossbows
 + Level 0.1 Throwing
 + Level 4.4 Armour
 + Level 2.4 Dodging
 + Level 0.1 Stealth
 + Level 0.1 Shields
 + Level 0.1 Unarmed Combat
 + Level 0.1 Spellcasting
 + Level 0.1 Conjurations
 + Level 0.1 Hexes
 + Level 0.1 Summonings
 + Level 0.1 Necromancy
 + Level 0.1 Translocations
 + Level 0.1 Transmutations
 + Level 0.1 Fire Magic
 + Level 0.1 Ice Magic
 + Level 0.1 Air Magic
 + Level 0.1 Earth Magic
 + Level 0.1 Poison Magic
 + Level 4.4 Invocations
 + Level 0.1 Evocations


You couldn't memorise any spells.
You didn't know any spells.
Your spell library was empty.

Dungeon Overview and Level Annotations

Branches:
Dungeon (0/15)

Altars:


Innate Abilities, Weirdness & Mutations

You have very sharp teeth.
Your uncanny sense of smell can sniff out nearby items.
Your experience applies equally to all skills.


Message History

Lugonu says: Depart the Abyss and spread corruption, my servant! (use the ability menu to exit the Abyss) Press ? for a list of commands and other information.
Found a corrupted altar of Lugonu.
Unknown command.
Press < or > to pray at altars.
There is a corrupted altar of Lugonu here.
You are suddenly pulled into a different region of the Abyss!
Found a gateway leading deeper into the Abyss.
There is a gateway leading deeper into the Abyss here.
A small abomination comes into view.
A small abomination is nearby!
An ufetubus comes into view.
You closely miss the ufetubus. The ufetubus hits you.
The ufetubus closely misses you. The ufetubus hits you. x2
You hit the ufetubus but do no damage. The ufetubus misses you.
The ufetubus hits you but does no damage.
You hit the ufetubus but do no damage. Your bite misses the ufetubus.
The ufetubus hits you. x3; The ufetubus barely misses you.
Unknown command.
You hit the ufetubus.
The ufetubus is heavily wounded.
The ufetubus closely misses you. The ufetubus completely misses you.
You hit the ufetubus.
You kill the ufetubus!
Unknown command.
Unknown command.
A large abomination comes into view.
Found 30 gold pieces.
You now have 18 gold pieces.
You see here 12 gold pieces.
You now have 30 gold pieces (gained 12).
A cacodemon comes into view.
The cacodemon shouts!
A spatial maelstrom comes into view.
A spatial vortex comes into view.
A spatial vortex comes into view.
A spatial vortex comes into view.
The spatial maelstrom misses you. The spatial maelstrom hits you.
Space warps horribly around you!
You die...

##. #..##.# .#
. .. ..
#..#.X#.## #.#.
#..x.#...# .
§..2##.#...####
#....#.##
#.#.#.##
...####..####
#....v...# ∆
##.#.#@### ..
#.# v.. .#. .v
.. .# . .## ##
.# .. .#


You could see a cacodemon, a spatial maelstrom, a large abomination and a small
abomination.

Vanquished Creatures
  An ufetubus (Abyss:1)
1 creature vanquished.

Notes
Turn   | Place    | Note
-------+----------+-------------------------------------------
     0 | Abyss:1  | Gargoyl the Gnoll Abyssal Knight began the quest for the
                  | Orb.
     0 | Abyss:1  | Reached XP level 1. HP: 23/23 MP: 3/3
    65 | Abyss:1  | Noticed a small abomination
    77 | Abyss:1  | Noticed a large abomination
   115 | Abyss:1  | Noticed a cacodemon
   116 | Abyss:1  | Noticed a spatial maelstrom
   117 | Abyss:1  | Noticed a spatial vortex
   117 | Abyss:1  | Noticed a spatial vortex
   118 | Abyss:1  | Noticed a spatial vortex
   119 | Abyss:1  | Slain by a spatial maelstrom

Illustrated notes

Levels and vault maps discovered:
Abyss:1:  base: Temple, base:
Temple

Action                   || total
-------------------------++-------
Melee: Hand axe          ||     5
Armor: Leather armour    ||     1
Dodge: Dodged            ||     6

Table legend: (Time is in decaauts)
 A = Elapsed time spent in this place.
 B = Non-inter-level travel time spent in this place.
 C = Inter-level travel time spent in this place.
 D = Time resting spent in this place.
 E = Time spent auto-exploring this place.
 F = Levels seen in this place.
 G = Mean time per level.
                   A        B        C        D        E       F      G
               +--------+--------+--------+--------+--------+-----+--------+
         Total |    119 |    119 |      0 |      0 |     64 |   1 |  119.0 |
         Abyss |    119 |    119 |      0 |      0 |     64 |   1 |  119.0 |
               +--------+--------+--------+--------+--------+-----+--------+

Top non-repeatable levels by time:
 Abyss:1: 119 daAuts
